 Dungeon Crawl Stone Soup version 0.21.1-1-g345015f (webtiles) character file.

2755 JeffiDaFish the Geomancer (level 9, -1/54 HPs)
             Began as a Gargoyle Earth Elementalist on Feb 9, 2018.
             Killed from afar by a steam dragon (9 damage)
             ... with a ball of steam
             ... on level 7 of the Dungeon.
             The game lasted 00:24:34 (5994 turns).

JeffiDaFish the Geomancer (GrEE)                    Turns: 5994, Time: 00:24:36

Health: -1/54      AC: 19    Str: 11    XL:     9   Next: 69%
Magic:  9/21       EV: 14    Int: 18    God:
Gold:   459        SH:  4    Dex: 12    Spells: 13/22 levels left

rFire    . . .     SeeInvis +   n - +2 flail (protect)
rCold    . . .     Gourm    .   w - +0 buckler
rNeg     + . .     Faith    .   c - +0 robe
rPois    ∞         Spirit   .   i - +1 helmet (curse)
rElec    +         Reflect  .   o - +0 cloak
rCorr    .         Harm     .   (no gloves)
MR       .....                  a - +0 pair of boots
Stlth    +++.......             (no amulet)
HPRegen  0.18/turn              l - ring of flight
MPRegen  0.17/turn              m - ring of see invisible

@: protection aura
A: camouflage 1, agile 1, dopey 1, high mp 1, negative energy resistance 1,
electricity resistance, unbreathing, petrification resistance, rot immunity, AC
+6
a: Evoke Flight


You were on level 7 of the Dungeon.
You were not hungry.

You visited 2 branches of the dungeon, and saw 8 of its levels.

You collected 459 gold pieces.

Inventory:

Hand Weapons
 n - a +2 flail of protection (weapon)
Missiles
 b - 66 stones (quivered)
Armour
 a - a +0 pair of boots (worn)
 c - a +0 robe (worn)
 i - a cursed +1 helmet (worn)
 o - a +0 cloak (worn)
 w - a +0 buckler (worn)
Jewellery
 l - a ring of flight (left hand)
 m - a ring of see invisible (right hand)
Wands
 r - a wand of iceblast (10)
Scrolls
 f - 5 scrolls of identify
 g - 3 scrolls of teleportation
 k - a scroll of remove curse
 s - a scroll of magic mapping
 t - a scroll of enchant weapon
Potions
 h - a potion of agility
 j - 3 potions of curing
 p - 2 potions of magic
 q - 2 potions of heal wounds
 v - 2 potions of brilliance
Books
 e - a book of Geomancy

   Spells                             Type                      Level
   a - Sandblast                      Earth                        1
   b - Passwall                       Transmutation/Earth          2
   c - Stone Arrow                    Conjuration/Earth            3
   d - Petrify                        Transmutation/Earth          4
   e - Lee's Rapid Deconstruction     Earth                        5
 u - a book of Changes

   Spells                             Type                      Level
   a - Beastly Appendage              Transmutation                1
   b - Sticks to Snakes               Transmutation                2
   c - Spider Form                    Transmutation/Poison         3
   d - Ice Form                       Ice/Transmutation            4
   e - Blade Hands                    Transmutation                5
Comestibles
 d - 12 rations
 x - a chunk of flesh


   Skills:
 - Level 5.0 Fighting
   Level 0.9 Short Blades
 + Level 5.1 Dodging
 - Level 3.7 Stealth
 * Level 2.0 Shields
 - Level 0.1 Unarmed Combat
 * Level 7.2 Spellcasting
 - Level 1.4 Conjurations
   Level 0.7 Transmutations
 - Level 8.1 Earth Magic


You had 13 spell levels left.
You knew the following spells:

 Your Spells              Type           Power        Failure   Level  Hunger
a - Sandblast             Erth           #####.       1%          1    None
b - Stone Arrow           Conj/Erth      ###...       5%          3    #......
c - Lee's Rapid Deconstr  Erth           #####.....   13%         5    #####..


Dungeon Overview and Level Annotations

Branches:
Dungeon (7/15)             Temple (1/1) D:6

Altars:
Ashenzari
Cheibriados
Dithmenos
Elyvilon
Fedhas
Gozag
Hepliaklqana
Kikubaaqudgha
Makhleb
Nemelex Xobeh
Okawaru
Qazlal
Ru
Sif Muna
Trog
Uskayaw
Wu Jian
Xom
Yredelemnul
Zin
The Shining One

Shops:
D:6 :


Innate Abilities, Weirdness & Mutations

You are resistant to torment.
Your stone body is resilient. (AC +6)
You are immune to poison.
You resist negative energy. (rN+)
You are resistant to electric shocks. (rElec)
You can survive without breathing.
You are immune to petrification.
You are immune to rotting.
Your skin changes colour to match your surroundings (Stealth+).
You are agile. (Dex +2)
You are dopey. (Int -2)
You have an increased reservoir of magic. (+10% MP)


Message History

Casting: Sandblast
Confirm with . or Enter, or press ? or * to list all spells.
Aiming: Stone Arrow
Press: ? - help, Shift-Dir - straight line, f/p - steam dragon
Aim: a steam dragon (heavily wounded, catching its breath)
The stone arrow misses the steam dragon.
You are engulfed in a cloud of scalding steam.
You hit the steam dragon but do no damage.
Your weapon exudes an aura of protection.
The steam dragon is heavily wounded.
You are engulfed in a cloud of scalding steam.
* * * LOW HITPOINT WARNING * * *
The steam dragon closely misses you. The steam dragon barely misses you.
You hit the steam dragon.
The steam dragon is heavily wounded.
You are engulfed in a cloud of scalding steam.
* * * LOW HITPOINT WARNING * * *
The steam dragon breathes steam at you. The ball of steam hits you!
You die...

. ### .##.. ...#
#..# #..# #..# #
#.###..####§#
#D5....§D@.§#
####...###### .#
##.§# .#
######..# #.##
........#
##...###
.######.#
#....... #>#
#########....####
#.#
#................
#.#
#.#######.#######


You could see a steam dragon.

Vanquished Creatures
  A centaur warrior (D:5)
  The ghost of LobsterGuardian the Sneak, an amateur OpAs of Okawaru (D:4)
  An orc warrior (D:7)
  A sky beast (D:5)
  2 ogres (D:4)
  2 ice beasts (D:6)
  A phantom (D:7)
  3 bullfrogs
  A water moccasin skeleton (D:7)
  6 killer bees (D:7)
  5 scorpions
  4 crimson imps
  2 centaur zombies
  A jelly (D:6)
  An iguana (D:7)
  2 worker ants
  A howler monkey zombie (D:5)
  7 gnolls
  8 adders
  2 shadow imps
  An ooze (D:1)
  An adder zombie (D:7)
  An adder skeleton (D:6)
  2 worms
  2 dart slugs
  4 orcs
  8 giant cockroaches
  9 goblins
  5 hobgoblins
  6 jackals
  4 quokkas
  8 bats
  7 frilled lizards
  A jackal zombie (D:3)
  8 kobolds
  A leopard gecko zombie (D:5)
  7 rats
127 creatures vanquished.

Vanquished Creatures (others)
  2 worker ants
  An adder (D:4)
  A quokka (D:4)
4 creatures vanquished.

Grand Total: 131 creatures vanquished

Notes
Turn   | Place    | Note
-------+----------+-------------------------------------------
     0 | D:1      | JeffiDaFish the Gargoyle Earth Elementalist began the quest for the Orb.
     0 | D:1      | Reached XP level 1. HP: 10/10 MP: 3/3
   128 | D:1      | Reached skill level 4 in Earth Magic
   128 | D:1      | Reached XP level 2. HP: 5/15 MP: 0/5
   382 | D:1      | Gained mutation: You have an increased reservoir of magic. (+10% MP) [potion of mutation]
   382 | D:1      | Gained mutation: You are dopey. (Int -2) [potion of mutation]
   382 | D:1      | Gained mutation: You are agile. (Dex +2) [potion of mutation]
   382 | D:1      | Gained mutation: Your skin changes colour to match your surroundings (Stealth+). [potion of mutation]
   838 | D:1      | Reached XP level 3. HP: 17/19 MP: 7/7
  1051 | D:2      | Reached XP level 4. HP: 24/24 MP: 1/8
  1228 | D:2      | Found a white marble altar of Elyvilon.
  1316 | D:2      | Reached skill level 5 in Earth Magic
  1446 | D:2      | Found a deep blue altar of Sif Muna.
  2008 | D:3      | Reached XP level 5. HP: 22/28 MP: 1/10
  2159 | D:3      | Learned a level 3 spell: Stone Arrow
  2723 | D:4      | Found a shimmering altar of Xom.
  2735 | D:4      | Noticed an ogre
  2751 | D:4      | Killed an ogre
  2751 | D:4      | Reached skill level 1 in Fighting
  2751 | D:4      | Reached XP level 6. HP: 32/34 MP: 0/12
  2846 | D:4      | Found a sparkling altar of Nemelex Xobeh.
  3090 | D:4      | Noticed LobsterGuardian's ghost (amateur OpAs)
  3098 | D:4      | Killed LobsterGuardian's ghost
  3098 | D:4      | Reached skill level 6 in Earth Magic
  3098 | D:4      | Reached XP level 7. HP: 38/40 MP: 2/14
  3365 | D:5      | Entered Level 5 of the Dungeon
  3709 | D:5      | Learned a level 5 spell: Lee's Rapid Deconstruction
  3771 | D:5      | Found a transporter.
  3775 | D:5      | Found a transporter.
  3787 | D:5      | Found a glowing silver altar of Zin.
  3795 | D:5      | Noticed a centaur warrior
  3837 | D:5      | Killed a centaur warrior
  3837 | D:5      | Reached skill level 5 in Spellcasting
  3837 | D:5      | Reached skill level 7 in Earth Magic
  3837 | D:5      | Reached XP level 8. HP: 27/48 MP: 3/17
  4660 | D:6      | Found a snail-covered altar of Cheibriados.
  4682 | D:6      | Reached XP level 9. HP: 50/52 MP: 3/19
  4744 | D:6      | Found Dokiu's Book Shop.
  4748 | D:6      | Got an obsidian-encrusted leather armour
  4759 | D:6      | Identified the +3 leather armour of Xulaf {rF- MR- Dex+7} (You found it on level 6 of the Dungeon)
  4892 | D:6      | Found a staircase to the Ecumenical Temple.
  4897 | Temple   | Entered the Ecumenical Temple
  5093 | D:6      | Found a shadowy altar of Dithmenos.
  5095 | D:6      | Reached skill level 5 in Fighting
  5537 | D:7      | Reached skill level 8 in Earth Magic
  5539 | D:7      | Reached skill level 1 in Conjurations
  5619 | D:7      | Reached skill level 5 in Dodging
  5619 | D:7      | Reached skill level 1 in Shields
  5994 | D:7      | Killed from afar by a steam dragon

Skill      XL: |  1  2  3  4  5  6  7  8  9 |
---------------+----------------------------+-----
Earth Magic    | 4 5 6 7 8 |  8.1
Spellcasting   | 3 5 6 7 |  7.2
Dodging        | 2 3 4 5 |  5.1
Stealth        | 3 |  3.7
Fighting       | 1 2 4 5 |  5.0
Conjurations   | 1 |  1.4
Shields        | 2 |  2.0
Short Blades   | |  0.9
Unarmed Combat | |  0.1
Transmutations | |  0.7

Action                   |  1- 3 |  4- 6 |  7- 9 || total
-------------------------+-------+-------+-------++-------
Melee: Unarmed           |     4 |       |       ||     4
       Short sword       |    45 |    10 |       ||    55
       Mace              |       |    50 |       ||    50
       Flail             |       |    79 |   127 ||   206
 Cast: Sandblast         |    22 |    26 |    53 ||   101
       Stone Arrow       |       |    11 |    32 ||    43
       Lee's Rapid Decon |       |       |     4 ||     4
  Use: Potion            |     6 |     4 |     2 ||    12
       Scroll            |     4 |     6 |     4 ||    14
 Stab: Sleeping          |     6 |    17 |     5 ||    28
  Eat: Chunk             |     1 |     8 |     8 ||    17
       Ration            |       |       |     1 ||     1
Armor: Robe              |    19 |    82 |    90 ||   191
Dodge: Dodged            |    41 |   128 |    91 ||   260
Block: Buckler           |       |       |     1 ||     1
